 Dungeon Crawl Stone Soup version 0.22.0-38-g04b72b8 (webtiles) character file.

267 HEYYEYAAE the Poker (level 5, -1/45 HPs)
             Began as a Demigod Gladiator on Aug 30, 2018.
             Slain by an ogre
             ... wielding a +0 giant club
              (29 damage)
             ... on level 4 of the Dungeon.
             The game lasted 00:02:01 (2410 turns).

HEYYEYAAE the Poker (Demigod Gladiator)             Turns: 2410, Time: 00:02:02

Health: -1/45      AC:  4    Str: 19    XL:     5   Next: 68%
Magic:  7/7        EV: 13    Int: 12    God:
Gold:   133        SH:  0    Dex: 17    Spells: 4/4 levels left

rFire    . . .     SeeInvis .   a - +0 trident
rCold    . . .     Gourm    .   (no shield)
rNeg     . . .     Faith    .   b - +0 leather armour
rPois    .         Spirit   .   c - +0 helmet
rElec    .         Reflect  .   (no cloak)
rCorr    .         Harm     .   (no gloves)
MR       .....                  (no boots)
Stlth    ++........             (no amulet)
HPRegen  0.15/turn              o - ring of stealth
MPRegen  0.10/turn              (no ring)

@: no status effects
A: high mp 1
a: no special abilities


You were on level 4 of the Dungeon.
You were not hungry.

You visited 1 branch of the dungeon, and saw 4 of its levels.

You collected 133 gold pieces.

Inventory:

Hand Weapons
 a - a +0 trident (weapon)
 u - a +1 dagger of venom
Missiles
 d - 4 throwing nets (quivered)
Armour
 b - a +0 leather armour (worn)
 c - a +0 helmet (worn)
Jewellery
 o - a ring of stealth (left hand)
 q - a +5 ring of dexterity {unknown}
Scrolls
 i - 3 scrolls of remove curse {unknown}
 j - a scroll of teleportation {unknown}
 l - 2 scrolls of noise {unknown}
 n - 4 scrolls of identify {unknown}
 p - a scroll of magic mapping {unknown}
 t - a scroll of fog {unknown}
Potions
 e - 3 potions of heal wounds {unknown}
 g - 2 potions of degeneration {unknown}
 h - 2 potions of ambrosia {unknown}
 k - 2 potions of curing
 m - a potion of haste {unknown}
 r - a potion of lignification {unknown}
 s - a potion of agility {unknown}
 v - a potion of cancellation {unknown}
Comestibles
 f - 6 rations


   Skills:
 + Level 3.5 Fighting
 * Level 5.3 Polearms
 - Level 1.7 Throwing
 - Level 2.6 Dodging


You had 4 spell levels left.
You didn't know any spells.
Your spell library was empty.

Dungeon Overview and Level Annotations

Branches:
Dungeon (4/15)
 Temple: D:4-7

Annotations:
D:4 Edmund


Innate Abilities, Weirdness & Mutations

You have an increased reservoir of magic. (+10% MP)


Message History

The dart slug launches a dart at you. The slug dart hits you!
You hit the ogre.
The ogre is moderately wounded.
You hit the ogre.
The ogre is moderately wounded.
The ogre hits you with a giant club! The dart slug launches a dart at you.
The slug dart misses you.
You barely miss the ogre.
The ogre is moderately wounded.
The ogre completely misses you. The dart slug launches a dart at you.
The slug dart misses you.
You puncture the ogre!
The ogre is severely wounded.
Edmund mutters, "Who needs spells, anyway?"
The ogre hits you with a giant club!!
Ouch! That really hurt!
You die...

... #.# ... #.#
.... #.# .....
######.####.....
#...............
#.........#..#
.##.@.....<....##
....w..@......[...
....##O#..###.##..
. ...#..# #
#....#...
.........$.
P...#........#
.P.#.$#........
...##...#......


You could see Edmund, an ogre and a dart slug.

Vanquished Creatures
  Sigmund (D:2)
  4 adders
  2 oozes (D:3)
  2 worms (D:2)
  2 dart slugs
  A leopard gecko (D:3)
  An orc (D:3)
  A ball python (D:2)
  4 giant cockroaches
  6 hobgoblins
  3 jackals (D:2)
  5 kobolds
  9 bats
  4 frilled lizards
  5 goblins
  11 rats
61 creatures vanquished.

Notes
Turn   | Place    | Note
-------+----------+-------------------------------------------
     0 | D:1      | HEYYEYAAE the Demigod Gladiator began the quest for the Orb.
     0 | D:1      | Reached XP level 1. HP: 17/17 MP: 3/3
   149 | D:1      | Reached skill level 3 in Polearms
   284 | D:1      | Reached XP level 2. HP: 24/24 MP: 4/4
   904 | D:2      | Noticed Sigmund
   923 | D:3      | Reached XP level 3. HP: 25/30 MP: 5/5
  1096 | D:3      | Found a hide-covered altar of Uskayaw.
  1593 | D:3      | Reached skill level 4 in Polearms
  1704 | D:2      | Killed Sigmund
  1704 | D:2      | Reached skill level 5 in Polearms
  1704 | D:2      | Reached XP level 4. HP: 20/38 MP: 6/6
  1704 | D:2      | Reached XP level 5. HP: 24/45 MP: 7/7
  1920 | D:2      | Found an ornate altar of the Wu Jian Council.
  2008 | D:2      | Found a glowing golden altar of the Shining One.
  2010 | D:2      | Found a glowing silver altar of Zin.
  2318 | D:2      | Found a sacrificial altar of Ru.
  2406 | D:4      | Noticed Edmund
  2406 | D:4      | Noticed an ogre
  2410 | D:4      | Slain by an ogre

Skill      XL: |  1  2  3 |
---------------+----------+-----
Fighting       | 2 3 |  3.5
Polearms       | 3 5 |  5.3
Throwing       | |  1.7
Dodging        | |  2.6

Action                   |  1- 3 |  4- 6 || total
-------------------------+-------+-------++-------
Melee: Trident           |   126 |    63 ||   189
       Dagger            |     6 |       ||     6
  Use: Potion            |     1 |       ||     1
 Stab: Sleeping          |     8 |     4 ||    12
  Eat: Chunk             |     2 |     3 ||     5
Armor: Leather armour    |    42 |    15 ||    57
Dodge: Dodged            |    70 |    20 ||    90
